 Dungeon Crawl Stone Soup version 0.22.0-75-g3901e7991e (webtiles) character file.

34 AlolanVulpixel the Insei (level 3, -1/26 HPs)
             Began as a Merfolk Transmuter on Sept 12, 2018.
             Slain by a worker ant (7 damage)
             ... on level 2 of the Dungeon.
             The game lasted 00:02:10 (1067 turns).

AlolanVulpixel the Insei (Merfolk Transmuter)       Turns: 1067, Time: 00:02:11

Health: -1/26      AC:  5    Str: 11    XL:     3   Next: 31%
Magic:  6/6        EV: 11    Int: 12    God:
Gold:   62         SH:  0    Dex: 14    Spells: 5/6 levels left

rFire    . . .     SeeInvis .   e - +0 dagger
rCold    . . .     Gourm    .   (no shield)
rNeg     . . .     Faith    .   l - +0 ring mail
rPois    .         Spirit   .   (no helmet)
rElec    .         Reflect  .   (no cloak)
rCorr    .         Harm     .   (no gloves)
MR       .....                  (no boots)
Stlth    +.........             (no amulet)
HPRegen  0.08/turn              (no ring)
MPRegen  0.10/turn              (no ring)

@: lethally poisoned (-1 -> -6), appendage (expiring)
A: change form in water, swift swim, stealthy swim, horns 2
a: End Transformation


You were on level 2 of the Dungeon.
You were hungry.
You had grown temporary horns.
You visited 1 branch of the dungeon, and saw 2 of its levels.

You collected 62 gold pieces.

Inventory:

Hand Weapons
 e - a +0 dagger (weapon)
Missiles
 a - 26 arrows
Armour
 l - a +0 ring mail (worn)
Scrolls
 f - a scroll of amnesia {unknown}
 g - 2 scrolls of magic mapping {unknown}
 h - 2 scrolls of identify {unknown}
 i - 2 scrolls of remove curse {unknown}
 j - a scroll of blinking {unknown}
 k - a scroll of enchant weapon {unknown}
Potions
 b - a potion of cancellation {unknown}
Comestibles
 d - 7 rations


   Skills:
 + Level 1.3 Fighting
 + Level 1.2 Short Blades
 + Level 0.2 Armour
 + Level 3.0 Dodging
 + Level 3.9 Unarmed Combat
 + Level 2.1 Spellcasting
 + Level 2.8 Transmutations


You had 5 spell levels left.
You knew the following spells:

 Your Spells              Type           Power        Failure   Level  Hunger
a - Beastly Appendage     Tmut           #.....       21%         1    ##.....

Your spell library contained the following spells:

 Spells                   Type           Power        Failure   Level  Hunger
 Sticks to Snakes         Tmut           #.......     30%         2    ###....
 Spider Form              Tmut/Pois      #.........   73%         3    ####...
 Ice Form                 Ice/Tmut       #.......     98%         4    #####..
 Blade Hands              Tmut           #.........   99%         5    ######.


Dungeon Overview and Level Annotations

Branches:
Dungeon (2/15)

Altars:


Innate Abilities, Weirdness & Mutations

You revert to your normal form in water.
You are very nimble and swift while swimming.
You are very stealthy in the water. (Stealth+)
You have a pair of horns on your head.


Message History

The worker ant poisons you! The kobold barely misses you.
You barely miss the worker ant.
The worker ant is moderately wounded.
You feel sick. The worker ant completely misses you.
The kobold closely misses you.
You barely miss the worker ant.
The worker ant is moderately wounded.
Your transformation is almost over.
The worker ant bites you.
* * * LOW HITPOINT WARNING * * *
The kobold barely misses you.
You hit the worker ant but do no damage.
The worker ant is moderately wounded.
* * * LOW HITPOINT WARNING * * *
You feel sick. The worker ant closely misses you.
The kobold hits you but does no damage.
You hit the worker ant.
The worker ant is heavily wounded.
The worker ant bites you!
You die...

....# #..# #........
...... .... ##.##
#........ ...... ....
#..# #........ .....
######.###........ .....
#.................
#.....#.#####.###.######
#.....#+#.((....#.#
######
#........(###...#'######
.....#
#.....K@..#.............
.....#
#......a..#.#...........
.....#
#.........#<#.#.........
.....# #.........#
#.#......... .#####
#####...... ..#.........
.# #....######.........
.# ###... ...>...... .#
#### ########## .#


You could see a worker ant and a kobold.

Vanquished Creatures
  2 adders (D:2)
  An ooze (D:2)
  A dart slug (D:2)
  A giant cockroach (D:1)
  2 hobgoblins (D:2)
  A kobold (D:1)
  2 frilled lizards
  2 rats
12 creatures vanquished.

Notes
Turn   | Place    | Note
-------+----------+-------------------------------------------
     0 | D:1      | AlolanVulpixel the Merfolk Transmuter began the quest for
                  | the Orb.
     0 | D:1      | Reached XP level 1. HP: 15/15 MP: 3/3
   560 | D:2      | Reached XP level 2. HP: 15/21 MP: 5/5
   662 | D:2      | HP: 1/21 [adder (1)]
  1010 | D:2      | Reached XP level 3. HP: 26/26 MP: 6/6
  1032 | D:2      | Reached skill level 1 in Short Blades
  1067 | D:2      | Slain by a worker ant

Skill      XL: |  1  2  3 |
---------------+----------+-----
Dodging        | 3 |  3.0
Short Blades   | 1 |  1.2
Fighting       | |  1.3
Armour         | |  0.2
Unarmed Combat | |  3.9
Spellcasting   | |  2.1
Transmutations | |  2.8

Action                   || total
-------------------------++-------
Melee: Dagger            ||   107
       Headbutt          ||     2
 Cast: Beastly Appendage ||     3
  Use: Potion            ||     3
Armor: Ring mail         ||    36
       Robe              ||     4
Dodge: Dodged            ||    82
